 Dungeon Crawl Stone Soup version 0.31-a0-177-g4aa6249778 (webtiles) character file.

Game seed: 14834018234692253817

28 qw the Shooter (level 3, 0/32 HPs)
             Began as a Naga Hunter on June 18, 2023.
             Killed from afar by Sigmund (10 damage)
             ... with a puff of flame
             ... on level 2 of the Dungeon.
             The game lasted 00:00:19 (722 turns).

qw the Shooter (Naga Hunter)                         Turns: 722, Time: 00:00:19

Health: 0/32       AC:  2    Str: 13    XL:     3   Next: 12%
Magic:  3/3        EV:  9    Int:  9    God:
Gold:   1          SH:  5    Dex: 16    Spells: 2/2 levels left

rFire   . . .        Y - +0 shortbow
rCold   . . .        (shield currently unavailable)
rNeg    . . .        c - +0 leather armour
rPois   +            (no helmet)
rElec   .            (no cloak)
rCorr   .            (no gloves)
SInv    +            (no barding)
Will    .....        d - amulet of reflection
Stlth   ++           (no ring)
HPRegen 0.25/turn    (no ring)
MPRegen 0.08/turn

%: reflection
@: very slow
A: AC +1, large, see invisible, deformed body, poison resistance, slowness 2,
spit poison 1, naga tail 1
a: Spit Poison


You were on level 2 of the Dungeon.
You visited 1 branch of the dungeon, and saw 2 of its levels.

You collected 57 gold pieces.
You spent 56 gold pieces at shops.


Innate Abilities, Weirdness & Mutations

Your serpentine skin is tough. (AC +1)
You have supernaturally acute eyesight. (SInv)
Armour fits poorly on your strangely shaped body.
Your system is resistant to poisons. (rPois)
You cover ground very slowly.
You can spit poison.
You have a snake-like lower body.


   Skills:
 - Level 2.0 Fighting
 + Level 4.5 Ranged Weapons
 - Level 1.5 Dodging
 - Level 1.5 Stealth


You had 2 spell levels left.
You didn't know any spells.
Your spell library was empty.

Inventory:

Hand Weapons
 Y - a +0 shortbow (weapon)
Armour
 c - a +0 leather armour (worn)
Jewellery
 d - an amulet of reflection (around neck)
Scrolls
 a - 2 scrolls of identify
Potions
 f - a potion of brilliance {unknown}
 h - a potion of degeneration {unknown}
 i - a potion of cancellation {unknown}

Dungeon Overview and Level Annotations

Branches:
Dungeon (2/15)

Altars:

Shops:
D:1 *

Annotations:
D:2 Sigmund


Message History

The frilled lizard is poisoned.
You kill the frilled lizard!
You have got your breath back.
a - 2 scrolls of identify (gained 1) Sigmund the Dreaded comes into view.
He is wielding a +0 scythe and carrying a wand of flame (29).
Sigmund shouts!
Sigmund zaps a wand.
The puff of flame hits you.
You shoot an arrow. The arrow hits Sigmund!
Sigmund is moderately wounded.
You shoot an arrow. The arrow barely misses Sigmund.
715 ||| INVOKING Spit Poison.
Aiming: Spit Poison (2% risk of failure)
Press: ? - help, Shift-Dir - straight line, f/p - Sigmund The splash of poison misses Sigmund.
You shoot an arrow.
The arrow hits Sigmund but does no damage.
Sigmund is moderately wounded.
Sigmund points at you and mumbles some strange words.
You resist with some effort.
You shoot an arrow.
The arrow hits Sigmund but does no damage.
Sigmund is moderately wounded.
You have got your breath back.
Sigmund zaps a wand.
The puff of flame hits you!
718 ||| INVOKING Spit Poison.
Aiming: Spit Poison (2% risk of failure)
Press: ? - help, Shift-Dir - straight line, f/p - Sigmund The splash of poison hits Sigmund.
Sigmund is poisoned.
Sigmund is heavily wounded.
Sigmund zaps a wand.
The puff of flame hits you!
You shoot an arrow. The arrow closely misses Sigmund.
Sigmund drinks a potion.
Sigmund is healed!
Sigmund looks more healthy.
You shoot an arrow. The arrow hits Sigmund!
Sigmund is heavily wounded.
You shoot an arrow. The arrow closely misses Sigmund.
Sigmund zaps a wand.
The puff of flame hits you.
You shoot an arrow. The arrow closely misses Sigmund.
You have got your breath back.
Sigmund zaps a wand.
The puff of flame hits you!
You die...

##.## #......#
#+# #.##.#.#
#.##.#.# ####
#.##...# ..#
#.###..# #.#
#.###..#
####.###......#
#............##
#@##.#########
.....@..##.#
...#.......#
#########


You could see Sigmund.

Vanquished Creatures
  An adder (D:1)
  A giant cockroach (D:1)
  A goblin (D:1)
  A hobgoblin (D:2)
  4 jackals (D:1)
  A ball python (D:1)
  5 bats
  2 frilled lizards
  2 kobolds
  A rat (D:1)
19 creatures vanquished.

Notes
Turn   | Place    | Note
-------+----------+-------------------------------------------
     0 | D:1      | qw the Naga Hunter began the quest for the Orb.
     0 | D:1      | Reached XP level 1. HP: 19/19 MP: 1/1
     0 | D:1      | 0 ||| qw: Version: 0.3-a-7-ge0c9b40
     0 | D:1      | 0 ||| qw: Game counter: 792
     0 | D:1      | 0 ||| qw: Always use a shield: true
     0 | D:1      | 0 ||| qw: God list: Okawaru
     0 | D:1      | 0 ||| qw: Allow faded altars: false
     0 | D:1      | 0 ||| qw: Do Orc after D:15 true
     0 | D:1      | 0 ||| qw: Do second Lair branch before Depths: true
     0 | D:1      | 0 ||| qw: Lair rune preference: random
     0 | D:1      | 0 ||| qw: Plans: Normal
     0 | D:1      | 0 ||| PLANNING D:1-11
    49 | D:1      | 49 ||| INVOKING Spit Poison.
   143 | D:1      | 143 ||| INVOKING Spit Poison.
   148 | D:1      | 148 ||| INVOKING Spit Poison.
   150 | D:1      | Reached skill level 4 in Ranged Weapons
   150 | D:1      | Reached XP level 2. HP: 15/26 MP: 2/2
   154 | D:1      | 154 ||| INVOKING Spit Poison.
   487 | D:1      | 487 ||| INVOKING Spit Poison.
   509 | D:1      | Found Weluusifo's Assorted Antiques.
   512 | D:1      | 512 ||| UPGRADING to amulet of reflection.
   518 | D:1      | 518 ||| INVOKING Spit Poison.
   523 | D:1      | 523 ||| BUYING fuming yellow potion (28 gold).
   523 | D:1      | Bought a fuming yellow potion for 28 gold pieces
   523 | D:1      | 523 ||| BUYING metallic clear potion (28 gold).
   523 | D:1      | Bought a metallic clear potion for 28 gold pieces
   523 | D:1      | 523 ||| SHOPLISTING scroll labelled NELUBI NUD (32 gold,
                  | have 1).
   523 | D:1      | 523 ||| SHOPLISTING scroll labelled ROIXUL EXILA (32 gold,
                  | have 1).
   523 | D:1      | 523 ||| SHOPLISTING scroll labelled TUICKO COXUA (32 gold,
                  | have 1).
   549 | D:1      | 549 ||| READING 2 scrolls labelled NELUBI NUD.
   550 | D:1      | 550 ||| READING scroll labelled TIOSKE QI ENT.
   551 | D:1      | 551 ||| DROPPING scroll of butterflies.
   570 | D:2      | 570 ||| INVOKING Spit Poison.
   576 | D:2      | 576 ||| INVOKING Spit Poison.
   578 | D:2      | 578 ||| STAIRDANCE
   581 | D:1      | 581 ||| INVOKING Spit Poison.
   585 | D:1      | 585 ||| INVOKING Spit Poison.
   588 | D:1      | Reached XP level 3. HP: 27/32 MP: 3/3
   620 | D:2      | 620 ||| INVOKING Spit Poison.
   626 | D:2      | 626 ||| INVOKING Spit Poison.
   661 | D:2      | 661 ||| INVOKING Spit Poison.
   666 | D:2      | 666 ||| INVOKING Spit Poison.
   689 | D:2      | 689 ||| INVOKING Spit Poison.
   706 | D:2      | 706 ||| INVOKING Spit Poison.
   712 | D:2      | Noticed Sigmund
   715 | D:2      | 715 ||| INVOKING Spit Poison.
   718 | D:2      | 718 ||| INVOKING Spit Poison.
   722 | D:2      | Killed from afar by Sigmund

Levels and vault maps discovered:
D:1:      giann_forest_graveyard, layout_basic, serial_shops,
          nicolae_shop_hallway_stairs, minmay_tetromino_l2
D:2:      layout_loops_cross, basic_altar, serial_shops, nicolae_shop_stone,
          grunt_ministairs_15, uniq_sigmund

Skill      XL: |  1 |
---------------+----+-----
Ranged Weapons | 4 |  4.5
Fighting       | |  2.0
Dodging        | |  1.5
Stealth        | |  1.5

Action                     || total
---------------------------++-------
   Fire: Shortbow          ||    58
Ability: Spit Poison       ||    18
    Use: Scroll            ||     2
 Armour: Leather armour    ||    11
  Dodge: Dodged            ||    19
  Block: Other             ||     6

Table legend:
 A = Non-vault XP
 B = Vault XP
 C = Vault XP percentage of total XP
 D = Non-vault monster count
 E = Vault monster count
 F = Vault count percentage of total count
                 A         B        C        D         E       F
            +---------+---------+-------+---------+---------+-------
      Total |      24 |      16 |  40.0 |      16 |       3 |  15.8
            +---------+---------+-------+---------+---------+-------
        D:1 |      16 |      16 |  50.0 |      11 |       3 |  21.4
        D:2 |       8 |       0 |   0.0 |       5 |       0 |   0.0
            +---------+---------+-------+---------+---------+-------
